 Dungeon Crawl Stone Soup version 0.21-a0-104-g7b58145 (webtiles) character file.

85 Alarkh the Chopper (level 4, 0/35 HPs)
             Began as a Demonspawn Monk on July 6, 2017.
             Succumbed to kobold's curare-tipped needle
             ... on level 4 of the Dungeon.
             The game lasted 00:04:04 (3217 turns).

Alarkh the Chopper (Demonspawn Monk)                Turns: 3217, Time: 00:04:05

Health: 0/35       AC:  3    Str: 11    XL:     4   Next: 25%
Magic:  4/4        EV: 13    Int: 13    God:
Gold:   143        SH:  0    Dex: 15    Spells: 3/3 levels left

rFire    + . .     SeeInvis .   s - +0 war axe
rCold    . . .     Gourm    .   (no shield)
rNeg     . . .     Faith    .   r - +0 leather armour {rF+}
rPois    .         Spirit   .   (no helmet)
rElec    .         Reflect  .   (no cloak)
rCorr    .         Harm     .   (no gloves)
MR       .....                  (no boots)
Stlth    ++........             (no amulet)
HPRegen  0.11/turn              (no ring)
MPRegen  0.09/turn              (no ring)

@: lethally poisoned (0 -> -16)
A: sturdy frame 2
a: no special abilities


You were on level 4 of the Dungeon.
You were not hungry.

You visited 1 branch of the dungeon, and saw 4 of its levels.

You collected 143 gold pieces.

Inventory:

Hand Weapons
 a - a +0 hand axe
 s - a +0 war axe (weapon)
Armour
 b - a +0 robe
 r - a +0 leather armour of fire resistance (worn)
Wands
 m - a wand of disintegration (13/24)
Scrolls
 d - a scroll of random uselessness {unknown}
 e - 3 scrolls of remove curse
 g - a scroll of enchant armour {unknown}
 h - a scroll of teleportation
 i - a scroll of identify {unknown}
 j - 2 scrolls of blinking {unknown}
 l - 2 scrolls of immolation {unknown}
 o - a scroll of magic mapping {unknown}
 p - a scroll of amnesia {unknown}
 q - a scroll of enchant weapon {unknown}
Comestibles
 c - a bread ration
 n - 3 chunks of flesh


   Skills:
 - Level 3.0 Fighting
 + Level 4.6 Axes
 - Level 2.6 Dodging
 - Level 1.7 Stealth


You had 3 spell levels left.
You didn't know any spells.

Dungeon Overview and Level Annotations

Branches:
Dungeon (4/15)
 Temple: D:4-7

Altars:
Ashenzari
Ru


Innate Abilities, Weirdness & Mutations

Your movements are less encumbered by armour. (ER -4)


Message History

The kobold shoots a curare-tipped needle.
The curare-tipped needle hits you.
You are lethally poisoned!
You have difficulty breathing.
* * * LOW HITPOINT WARNING * * *
You feel as though you will be slow longer.
You climb downwards.
* * * LOW HITPOINT WARNING * * *
You feel sick.
Found 19 gold pieces.
There is a stone staircase leading up here.
It was a potion of cancellation.
Your magical effects are unravelling.
You feel magically purged.
You feel yourself speed up.
* * * LOW HITPOINT WARNING * * *
You feel sick.
Okay, then.
You found a teleport trap!
You die...

##########.
##..........
...$.......
#.^........
#.........#
#..........
#..@......#
#..<......#
#.........#
#.........#
#.........#
#.........#
###########


There were no monsters in sight!

Vanquished Creatures
  3 adders
  An ooze (D:1)
  2 worms
  A dart slug (D:2)
  A leopard gecko (D:1)
  An orc (D:3)
  3 giant cockroaches
  4 goblins
  7 hobgoblins
  2 jackals (D:1)
  A ball python (D:3)
  2 bats
  7 frilled lizards
  4 kobolds
  5 rats
44 creatures vanquished.

Notes
Turn   | Place    | Note
-------+----------+-------------------------------------------
     0 | D:1      | Alarkh the Demonspawn Monk began the quest for the Orb.
     0 | D:1      | Reached XP level 1. HP: 18/18 MP: 1/1
   321 | D:1      | Reached skill level 3 in Axes
   633 | D:1      | Gained mutation: Your movements are slightly less encumbered by armour. (ER -2) [demonic ancestry]
   633 | D:1      | Reached XP level 2. HP: 16/24 MP: 2/2
  1382 | D:2      | Found a sacrificial altar of Ru.
  1390 | D:2      | Reached XP level 3. HP: 18/29 MP: 3/3
  1911 | D:2      | Reached skill level 4 in Axes
  2792 | D:3      | Gained mutation: Your movements are less encumbered by armour. (ER -4) [demonic ancestry]
  2792 | D:3      | Reached XP level 4. HP: 22/35 MP: 4/4
  3032 | D:3      | Found a shattered altar of Ashenzari.
  3217 | D:4      | Succumbed to kobold's curare-tipped needle

Vault maps used:
D:1:      minmay_arrival_split_and_join
D:2:      lemuel_doored_altar, minivault_23
D:3:      grunt_gozag_statues, lemuel_crystal_altar,
          lemuel_coloured_pillars_altar, first_bread, minmay_curled_crystal,
          cheibrodos_ashenzari_chains
D:4:      nicolae_overflow_crystal_walls, serial_shops, shop,
          minmay_gold_behind_fungi, minivault_23

Skill      XL: |  1  2  3 |
---------------+----------+-----
Axes           | 3 4 |  4.6
Fighting       | |  3.0
Dodging        | |  2.6
Stealth        | |  1.7

Action                   |  1- 3 |  4- 6 || total
-------------------------+-------+-------++-------
Melee: Hand axe          |   144 |     3 ||   147
       War axe           |       |    28 ||    28
  Use: Potion            |     1 |     2 ||     3
       Scroll            |     2 |       ||     2
 Stab: Sleeping          |     5 |       ||     5
  Eat: Chunk             |     6 |     1 ||     7
Armor: Robe              |    29 |       ||    29
       Leather armour    |       |     1 ||     1
Dodge: Dodged            |   111 |    22 ||   133
